 Dungeon Crawl Stone Soup version 0.29.1-1-gd02db69 (webtiles) character file.

Game seed: 12648296191689356800

28 Durgen the Charlatan (level 3, -1/28 HPs)
             Began as a Meteoran Artificer on Mar 7, 2023.
             Frozen to death by an endoplasm (3 damage)
             ... on level 2 of the Dungeon.
             The game lasted 00:03:51 (517 turns).

Durgen the Charlatan (Meteoran Artificer)            Turns: 517, Time: 00:03:52

Health: -1/28      AC:  3    Str: 13    XL:     3   Next: 47%
Magic:  4/4        EV: 11    Int: 12    God:
Gold:   71         SH:  0    Dex: 17    Spells: 2/2 levels left

rFire   . . .      SeeInvis .   h - +1 dagger (venom)
rCold   . . .      Faith    .   (no shield)
rNeg    . . .      Spirit   .   b - +0 leather armour
rPois   .          Reflect  .   (no helmet)
rElec   .          Harm     .   (no cloak)
rCorr   .          Rampage  .   (no gloves)
Will    .....                   (no boots)
Stlth   +.........              (no amulet)
HPRegen 0.09/turn               (no ring)
MPRegen 0.09/turn               (no ring)

@: glowing
A: sense surroundings 1, otherworldly, glowing, explore regen
a: no special abilities


You were on level 2 of the Dungeon.
You visited 1 branch of the dungeon, and saw 2 of its levels.

You collected 71 gold pieces.

Inventory:

Hand Weapons
 a - a +0 club
 h - a +1 dagger of venom (weapon)
 i - a +0 club
 n - a +0 whip
 p - a +0 dagger
 r - a +0 club
Missiles
 q - 8 stones
Armour
 b - a +0 leather armour (worn)
 j - a +0 plate armour
 o - a +0 scale mail
 s - a +0 buckler
Wands
 c - a wand of flame (15) (quivered)
 d - a wand of charming (15)
 e - a wand of iceblast (5)
Scrolls
 f - a scroll of identify {unknown}
 k - a scroll of enchant armour {unknown}
 l - 2 scrolls of amnesia {unknown}
 m - a scroll of teleportation {unknown}
Potions
 g - a potion of curing {unknown}


   Skills:
 + Level 1.3 Fighting
 + Level 0.2 Short Blades
 + Level 2.6 Armour
 + Level 1.4 Dodging
 + Level 0.6 Stealth
 + Level 4.7 Evocations


You had 2 spell levels left.
You didn't know any spells.
Your spell library was empty.

Dungeon Overview and Level Annotations

Branches:
Dungeon (2/15) Zot: 681

Altars:


Innate Abilities, Weirdness & Mutations

You passively map a small area around you.
You are easily found by Zot.
You glow in the dark.
You regain HP and MP as you explore.


Message History

An adder comes into view.
The adder hisses angrily.
The endoplasm quivers.
The adder hisses angrily.
The endoplasm hits you but does no damage.
You hit the endoplasm.
The endoplasm is lightly wounded.
The endoplasm hits you but does no damage.
You hit the endoplasm.
The endoplasm is moderately wounded.
The adder bites you. The endoplasm freezes you.
You are frozen.
You barely miss the adder. The adder bites you. The adder barely misses you.
The adder bites you but does no damage. The endoplasm freezes you.
You are frozen.
The endoplasm attacks as you move away! The endoplasm hits you.
The adder attacks as you move away! The adder barely misses you.
The adder attacks as you move away! The adder barely misses you.
The adder attacks as you move away! The adder completely misses you.
An adder comes into view.
The adder hisses angrily.
The endoplasm freezes you.
You are frozen.
The endoplasm freezes you.
You are frozen.
* * * LOW HITPOINT WARNING * * *
You hit the adder but do no damage.
The adder is poisoned.
The adder barely misses you. The adder bites you.
* * * LOW HITPOINT WARNING * * *
You hit the adder.
The adder is heavily wounded.
The endoplasm hits you.
* * * LOW HITPOINT WARNING * * *
The adder bites you.
* * * LOW HITPOINT WARNING * * *
The endoplasm freezes you.
You are frozen.
You die...

* * * * * ..
###
.#.#.#.#.#.# *
............ ,
#.#.#.#.#.##
..........# *
* , #.#.#.#.##
* , ......JS.#
*
##.#.#.#.#@##
* *
#.......rJS.#
*##.#.#.#r#.##
...........# ,
* #.#.#.#.#.##
...####### .##
#


You could see 2 adders, 2 endoplasms, a quokka and a rat.

Vanquished Creatures
  A dart slug (D:1)
  2 ball pythons (D:1)
  3 endoplasms (D:1)
  2 giant cockroaches (D:1)
  5 goblins (D:1)
  A hobgoblin (D:1)
  3 kobolds (D:1)
  A quokka (D:1)
  A frilled lizard (D:1)
  3 rats (D:1)
22 creatures vanquished.

Notes
Turn   | Place    | Note
-------+----------+-------------------------------------------
     0 | D:1      | Durgen the Meteoran Artificer began the quest for the Orb.
     0 | D:1      | Reached XP level 1. HP: 16/16 MP: 2/2
    42 | D:1      | Reached skill level 4 in Evocations
    53 | D:1      | Reached XP level 2. HP: 22/23 MP: 3/3
   200 | D:1      | Reached XP level 3. HP: 15/28 MP: 4/4
   385 | D:1      | Found a faded altar of an unknown god.
   498 | D:1      | Glimpsed the power of Zot.
   517 | D:2      | Frozen to death by an endoplasm

Illustrated notes

Levels and vault maps discovered:
D:1:      lemuel_arrival_room, layout_rooms, shapermc_ecumenical_altar_gd
D:2:      layout_loops_ring, st_stairs_10

Skill      XL: |  1 |
---------------+----+-----
Evocations     | 4 |  4.7
Fighting       | |  1.3
Short Blades   | |  0.2
Armour         | |  2.6
Dodging        | |  1.4
Stealth        | |  0.6

Action                   || total
-------------------------++-------
Melee: Club              ||     7
       Dagger            ||    60
Armor: Leather armour    ||    19
Dodge: Dodged            ||    26
